 Dungeon Crawl Stone Soup version 0.23-a0-473-gc8aadda (webtiles) character file.

53 Lanoc the Cudgeler (level 3, -1/36 HPs)
             Began as a Troll Berserker on May 18, 2018.
             Was a Believer of Trog.
             Slain by Duvessa
             ... wielding a +0 short sword
              (2 damage)
             ... on level 5 of the Dungeon on Nov 27, 2018.
             The game lasted 00:02:53 (638 turns).

Lanoc the Cudgeler (Troll Berserker)                 Turns: 638, Time: 00:02:57

Health: -1/36      AC:  5    Str: 25    XL:     3   Next: 62%
Magic:  2/2        EV: 10    Int:  3    God:    Trog [**....]
Gold:   114        SH:  0    Dex: 10    Spells: 2/2 levels left

rFire    . . .     SeeInvis .   a - +0 mace
rCold    . . .     Gourm    +   (no shield)
rNeg     . . .     Faith    .   b - +0 animal skin
rPois    .         Spirit   .   (helmet restricted)
rElec    .         Reflect  .   (no cloak)
rCorr    .         Harm     .   (gloves unavailable)
MR       .....                  (boots unavailable)
Stlth    +.........             (no amulet)
HPRegen  0.52/turn              (no ring)
MPRegen  0.08/turn              (no ring)

@: no status effects
A: large, unfitting armour, claws 3, fast metabolism 3, gourmand, regeneration
1, shaggy fur 1, tough skin 2
a: Berserk, Trog's Hand, Renounce Religion


You were on level 5 of the Dungeon.
You worshipped Trog.
Trog was pleased with you.
You were not hungry.

You visited 1 branch of the dungeon, and saw 5 of its levels.

You collected 114 gold pieces.

Inventory:

Hand Weapons
 a - a +0 mace (weapon)
Armour
 b - a +0 animal skin (worn)
Scrolls
 e - 4 scrolls of identify {unknown}
Potions
 d - a potion of curing {unknown}
 f - a potion of brilliance {unknown}
 g - 2 potions of heal wounds {unknown}
Comestibles
 c - 3 rations


   Skills:
 + Level 2.8 Fighting
 * Level 3.5 Maces & Flails
 + Level 2.8 Dodging


You had 2 spell levels left.
You didn't know any spells.
Your spell library was empty.

Dungeon Overview and Level Annotations

Branches:
Dungeon (5/15)
 Temple: D:4-7

Altars:

Annotations:
D:5 Dowan, Duvessa


Innate Abilities, Weirdness & Mutations

You are too large for most types of armour.
You have claws for hands.
Your metabolism is lightning-fast.
You like to eat raw meat.
Your natural rate of healing is unusually fast.
You are covered in fur. (AC +1)
You have very tough skin. (AC +2)


Message History

You are too injured to fight recklessly!
You are too injured to fight recklessly!
You are too injured to fight recklessly!
You are too injured to fight recklessly!
You hit Duvessa.
Duvessa is heavily wounded.
Duvessa hits you with a +0 short sword!
* * * LOW HITPOINT WARNING * * *
Duvessa completely misses you.
Dowan says, "Stay away from my face!"
Dowan casts a spell.
Dowan blinks!
Unknown command.
Duvessa hits you with a +0 short sword.
* * * LOW HITPOINT WARNING * * *
Dowan casts a spell.
Dowan blinks!
Duvessa says, "Where magic fails, the sword succeeds!"
Duvessa hits you with a +0 short sword.
You die...

###############
#.............#
####.###########.#
#....# #######.#
#....# .........
#....# #######.#
#....#.### #.#
+......... #.#
#@e.§#.#.# #.#
......o........
#.#
................
..#
.................
#.#
.................
###
..........###...
.........##⌠##..
........##...##


You could see Duvessa and an orc.

Vanquished Creatures
  A gnoll (D:1)
  An adder (D:2)
  5 giant cockroaches
  A goblin (D:1)
  3 hobgoblins
  7 jackals
  3 kobolds
  4 bats (D:1)
  5 frilled lizards
  2 rats
32 creatures vanquished.

Notes
Turn   | Place    | Note
-------+----------+-------------------------------------------
     0 | D:1      | Lanoc the Troll Berserker began the quest for the Orb.
     0 | D:1      | Reached XP level 1. HP: 22/22 MP: 0/0
    72 | D:1      | Reached skill level 3 in Maces & Flails
    84 | D:1      | Reached XP level 2. HP: 29/29 MP: 1/1
   386 | D:1      | Reached XP level 3. HP: 35/36 MP: 2/2
   432 | D:2      | Reached ** piety under Trog
   589 | D:5      | Entered Level 5 of the Dungeon
   627 | D:5      | Noticed Duvessa
   628 | D:5      | Noticed Dowan
   638 | D:5      | HP: 1/36 [Duvessa/+0 short sword (2)]
   638 | D:5      | Slain by Duvessa

Vault maps used:
D:1:      minmay_arrival_cross, lemuel_flame_loot_1
D:2:      nicolae_overflow_hidden_temple
D:3:      lemuel_doored_altar, st_stairs_1
D:4:      first_ration, palyth_stone_intersect, cheibrodos_gnoll_hut
D:5:      hellmonk_ghost_happy_afterlife, uniq_duvessa, uniq_pikel

Skill      XL: |  1 |
---------------+----+-----
Maces & Flails | 3 |  3.5
Fighting       | |  2.8
Dodging        | |  2.8

Action                   || total
-------------------------++-------
Melee: Mace              ||   111
  Eat: Chunk             ||     5
Armor: Animal skin       ||    55
Dodge: Dodged            ||    83

Table legend:
 A = Non-vault XP
 B = Vault XP
 C = Vault XP percentage of total XP
 D = Non-vault monster count
 E = Vault monster count
 F = Vault count percentage of total count
                 A         B        C        D         E       F
            +---------+---------+-------+---------+---------+-------
      Total |      74 |       2 |   2.6 |      31 |       1 |   3.1
            +---------+---------+-------+---------+---------+-------
        D:1 |      42 |       0 |   0.0 |      19 |       0 |   0.0
        D:2 |      28 |       0 |   0.0 |       9 |       0 |   0.0
        D:3 |       4 |       2 |  33.3 |       3 |       1 |  25.0
            +---------+---------+-------+---------+---------+-------
